 Dungeon Crawl Stone Soup version 0.32-a0-391-gce5c0aab1b (webtiles) character file.

Game seed: 9989318730887068798

165 mawlarkey the Chopper (level 5, -2/47 HPs)
             Began as a Minotaur Berserker on Feb 19, 2024.
             Was a Believer of Trog.
             Killed by divine providence
             ... invoked by an orc priest
              (14 damage)
             ... on level 4 of the Dungeon.
             The game lasted 00:12:38 (2332 turns).

mawlarkey the Chopper (Minotaur Berserker)          Turns: 2332, Time: 00:12:38

Health: -2/47      AC: 11    Str: 24    XL:     5   Next: 22%
Magic:  4/4        EV:  7    Int:  4    God:    Trog [**....]
Gold:   127        SH:  0    Dex:  9    Spells: 4/4 levels left

rFire   . . .        a - +0 hand axe
rCold   . . .        (no shield)
rNeg    . . .        n - +0 plate armour
rPois   .            (helmet restricted)
rElec   .            (no cloak)
rCorr   .            (no gloves)
SInv    .            (no boots)
Will    .....        (no amulet) Stlth
                     (no ring)
HPRegen 0.27/turn    (no ring)
MPRegen 0.09/turn

%: no passive effects
@: lethally poisoned (-2 -> -11)
A: horns 2, retaliatory headbutt
a: Renounce Religion, Berserk, Trog's Hand


You were on level 4 of the Dungeon.
You worshipped Trog.
Trog was pleased with you.
You visited 1 branch of the dungeon, and saw 4 of its levels.

You collected 127 gold pieces.

Inventory:

Hand Weapons
 a - a +0 hand axe (weapon)
Armour
 e - a +0 chain mail
 n - a +0 plate armour (worn)
Magical Staves
 i - a staff of earth
Jewellery
 b - a ring of wizardry
Wands
 l - a wand of mindburst (12)
Scrolls
 d - 2 scrolls of identify {unknown}
 f - a scroll of butterflies {unknown}
 g - a scroll of amnesia {unknown}
 h - a scroll of enchant armour {unknown}
 o - a scroll of fear {unknown}
 p - a scroll of revelation {unknown}
 q - a scroll of teleportation {unknown}
Potions
 c - 2 potions of curing {unknown}
 j - a potion of invisibility {unknown}
 k - 2 potions of attraction {unknown}
 m - 2 potions of lignification {unknown}


   Skills:
 + Level 4.7 Fighting
 + Level 4.8 Axes
 + Level 3.8 Armour
 + Level 3.5 Dodging


You had 4 spell levels left.
You didn't know any spells.
Your spell library was empty.

Dungeon Overview and Level Annotations

Branches:
Dungeon (4/15) Zot: 21648
 Temple: D:4-7

Altars:

Shops:
D:3 !


Innate Abilities, Weirdness & Mutations

You have a pair of horns on your head.
You reflexively headbutt those who attack you in melee.


Message History

An orc comes into view. It is wielding a +0 flail.
Found a serpent talisman.
Found a stone staircase leading down.
The orc shouts!
An orc priest comes into view. It is wielding a +0 war axe.
The orc priest shouts!
An orc priest comes into view.
It is wielding a +1 short sword of venom.
An orc is nearby!
You hit the orc. You headbutt the orc.
You kill the orc!
Trog accepts your kill.
The orc priest shouts!
The orc priest hits you but does no damage.
Things that are here:
a +0 flail; an orc corpse You hit the orc priest but do no damage.
The orc priest invokes the aid of Beogh against you.
Beogh smites you!
You hit the orc priest.
You headbutt the orc priest, but do no damage.
The orc priest is moderately wounded.
The orc priest hits you with a +0 war axe.
You hit the orc priest.
The orc priest is moderately wounded.
You hit the orc priest but do no damage.
The orc priest looks encouraged for a moment.
The orc priest hits you with a +0 war axe.
You hit the orc priest but do no damage.
Your headbutt misses the orc priest.
You hit the orc priest but do no damage.
The orc priest hits you with a +1 short sword of venom.
You are poisoned.
The orc priest mumbles some strange prayers to Beogh against you.
Beogh smites you!
* * * LOW HITPOINT WARNING * * *
* * * LOW HITPOINT WARNING * * *
You feel very sick.
A quokka comes into view.
The orc priest calls down the wrath of Beogh upon you.
Beogh smites you!
You die...

#### ##...##..
....+## ####...##...
...>... #..'........
.....%. #.##...##...
....... #.###...##..
...r...## #.#
##...##. #..oo# #.#
##...##
#)######.######...#
#.@.....).....##...
.........############
#.. .#...##.## ....
.... ### ###.# #.#
... ##.


You could see 2 orc priests and a quokka.

Vanquished Creatures
  Terence (D:3)
  4 adders
  2 orcs
  10 bats
  8 endoplasms
  5 giant cockroaches
  4 goblins
  5 hobgoblins
  5 kobolds
  2 quokkas
  4 ball pythons
  3 frilled lizards
  5 rats
58 creatures vanquished.

Notes
Turn   | Place    | Note
-------+----------+-------------------------------------------
     0 | D:1      | mawlarkey the Minotaur Berserker began the quest for the
                  | Orb.
     0 | D:1      | Reached XP level 1. HP: 19/19 MP: 0/0
   125 | D:1      | Reached XP level 2. HP: 27/27 MP: 1/1
   252 | D:1      | Reached XP level 3. HP: 33/33 MP: 2/2
   440 | D:1      | Found a faded altar of an unknown god.
   544 | D:1      | Reached ** piety under Trog
   988 | D:2      | Reached XP level 4. HP: 38/40 MP: 3/3
  1471 | D:3      | Noticed Terence
  1482 | D:3      | Killed Terence
  1483 | D:3      | Found Mat Lant's Distillery.
  1655 | D:3      | Reached XP level 5. HP: 47/47 MP: 4/4
  2180 | D:3      | Identified the +8 short sword of Grandeur {drain, rCorr
                  | Str+3 Stlth+}
  2332 | D:4      | Killed from afar by an orc priest

Illustrated notes

Levels and vault maps discovered:
D:1:      matt_arrival_spirals, layout_basic, hellmonk_ecumenical_altar_run_dry,
          st_stairs_1
D:2:      layout_loops_ring
D:3:      layout_basic, serial_shops, shop, solitary_fountain,
          grunt_decor_fettered, uniq_terence
D:4:      layout_rooms, grunt_temple_overflow_open, temple_green,
          minmay_misc_feat_plants, kennysheep_diamond,
          chequers_serial_rivers_room_a

Skill      XL: |  1  2  3 |
---------------+----------+-----
Axes           | 4 |  4.8
Fighting       | 4 |  4.7
Armour         | 3 |  3.8
Dodging        | 3 |  3.5

Action                     |  1- 3 |  4- 6 || total
---------------------------+-------+-------++-------
  Melee: Hand axe          |    56 |    60 ||   116
         Headbutt          |    12 |    10 ||    22
 Invoke: Berserk           |     1 |       ||     1
 Armour: Animal skin       |     5 |       ||     5
         Skin              |     2 |       ||     2
         Chain mail        |    32 |    22 ||    54
         Plate armour      |       |    21 ||    21
  Dodge: Dodged            |    26 |    20 ||    46

Table legend: (Time is in decaauts)
 A = Elapsed time spent in this place.
 B = Non-inter-level travel time spent in this place.
 C = Inter-level travel time spent in this place.
 D = Time resting spent in this place.
 E = Time spent auto-exploring this place.
 F = Levels seen in this place.
 G = Mean time per level.
                   A        B        C        D        E       F      G
               +--------+--------+--------+--------+--------+-----+--------+
         Total |   2350 |   1934 |    416 |      3 |    198 |   4 |  587.5 |
       Dungeon |   2350 |   1934 |    416 |      3 |    198 |   4 |  587.5 |
               +--------+--------+--------+--------+--------+-----+--------+

Top non-repeatable levels by time:
     D:1: 819 daAuts
     D:3: 804 daAuts
     D:2: 644 daAuts
     D:4: 82 daAuts
